 Dungeon Crawl Stone Soup version 0.29.0-4-gdea44cf6ec (webtiles) character file.

Game seed: 18414524427240323661

901 qw the Cleaver (level 8, -7/61 HPs)
             Began as a Formicid Cinder Acolyte on Sept 4, 2022.
             Was a Priest of Ignis.
             Killed from afar by an electric eel (10 damage)
             ... with a bolt of electricity
             ... on level 6 of the Dungeon.
             The game lasted 00:01:53 (5011 turns).

qw the Cleaver (Formicid Cinder Acolyte)            Turns: 5011, Time: 00:01:53

Health: -7/61      AC: 15    Str: 20 (21) XL:     8   Next: 28%
Magic:  9/9        EV:  9    Int: 13 (14) God:    Ignis [***...]
Gold:   293        SH:  0    Dex:  6 (9)  Spells: 9/9 levels left

rFire   + . .      SeeInvis +   Y - +0 hand axe (flame)
rCold   . . .      Faith    .   (no shield)
rNeg    . . .      Spirit   .   j - +0 scale mail
rPois   .          Reflect  .   (helmet unavailable)
rElec   .          Harm     .   o - +0 cloak
rCorr   .          Rampage  .   (no gloves)
Will    .....                   b - +0 pair of boots
Stlth   ..........              a - amulet of regeneration
HPRegen 1.00/turn               (no ring)
MPRegen 0.11/turn               (no ring)

@: fiery-armoured, very slow
A: permanent stasis, dig shafts and tunnels, antennae 3, four strong arms
a: Dig, Shaft Self, Renounce Religion, Fiery Armour, Foxfire Swarm, Rising Flame


You were on level 6 of the Dungeon.
You worshipped Ignis.
Ignis was most pleased with you.
You visited 1 branch of the dungeon, and saw 6 of its levels.

You collected 315 gold pieces.
You spent 22 gold pieces at shops.


Innate Abilities, Weirdness & Mutations

You cannot be hasted, slowed, berserked, paralysed or teleported.
You can dig through walls and to a lower floor.
You have a pair of large antennae on your head. (SInv)
Your four strong arms can wield two-handed weapons with a shield.


   Skills:
 + Level 4.7 Fighting
 - Level 8.2 Axes
 - Level 2.6 Armour
 - Level 1.5 Dodging
 - Level 1.1 Spellcasting
 - Level 3.0 Fire Magic


You had 9 spell levels left.
You didn't know any spells.
Your spell library contained the following spells:

 Spells                   Type           Power      Damage    Failure   Level
 Scorch                   Fire           16%        2d5       34%         2

Inventory:

Hand Weapons
 Y - a +0 hand axe of flaming (weapon)
Armour
 b - a +0 pair of boots (worn)
 j - a +0 scale mail (worn)
 o - a +0 cloak (worn)
Jewellery
 a - an amulet of regeneration (around neck)
Scrolls
 c - a scroll of vulnerability {unknown}
 f - 2 scrolls of identify
Potions
 d - 2 potions of curing
 e - a potion of magic {unknown}
 k - a potion of haste {unknown}
 n - a potion of cancellation {unknown}
 p - a potion of resistance {unknown}

Dungeon Overview and Level Annotations

Branches:
Dungeon (6/15)             Temple (0/1) D:5

Altars:
Elyvilon
Gozag
Okawaru
Qazlal
Ru
Sif Muna
Xom
Zin

Shops:
D:1 ?   D:3 [


Message History

Moving in this stuff is going to be slow.
Found an escape hatch in the ceiling.
The electric eel shoots out a bolt of lightning at you!
The bolt of electricity hits you!
Found a scroll of identify.
The electric eel shoots out a bolt of lightning at you!
The bolt of electricity hits you.
The electric eel shoots out a bolt of lightning at you!
The bolt of electricity hits you!
The electric eel shoots out a bolt of lightning at you!
The bolt of electricity hits you.
The electric eel shoots out a bolt of lightning at you!
The bolt of electricity hits you.
The electric eel shoots out a bolt of lightning at you!
The bolt of electricity hits you!
You barely miss the electric eel.
The electric eel shoots out a bolt of lightning at you!
The bolt of electricity hits you!
Your unstable footing causes you to fumble your attack.
The electric eel shoots out a bolt of lightning at you!
The bolt of electricity hits you.
You closely miss the electric eel.
The electric eel shoots out a bolt of lightning at you!
The bolt of electricity hits you.
You closely miss the electric eel.
Your unstable footing causes you to fumble your attack.
The electric eel shoots out a bolt of lightning at you!
The bolt of electricity hits you!
You miss the electric eel.
The electric eel shoots out a bolt of lightning at you!
The bolt of electricity hits you.
You closely miss the electric eel.
Your unstable footing causes you to fumble your attack.
Your unstable footing causes you to fumble your attack.
The electric eel shoots out a bolt of lightning at you!
The bolt of electricity hits you!
You closely miss the electric eel.
The electric eel shoots out a bolt of lightning at you!
The bolt of electricity hits you!
You die...

~7P~77P~P~.....#........
7~~P~~~~~~~.............
~~~P~~..~......##.......
~.~............##..>....
..............<##.......
..?..~~~~~P~~~7##.......
.~..~PS~~~~~~~~7#.......
~~~~~P~@~~P~~~~P7.......
7~~P~~~~~~~~~~P~..#....%
#7~~~~~~~~~~~7~..#######
7~~~~~~~~~77...## ##
#P~P~7~~7..>....# ###.
##777777##.....######...
#....#..............#
#............#####.##
#....#.......####..#


You could see an electric eel.

Vanquished Creatures
  2 black bears
  2 ogres (D:5)
  Blork the orc (D:5)
  A bullfrog (D:6)
  A scorpion (D:6)
  A jelly (D:3)
  3 iguanas
  Natasha (thrice) (D:3)
  6 adders
  4 gnolls
  2 dart slugs (D:1)
  3 orcs
  8 ball pythons
  8 bats
  12 endoplasms
  A giant cockroach (D:2)
  6 hobgoblins
  7 jackals
  7 kobolds
  4 quokkas
  A frilled lizard (D:3)
  8 goblins
  2 rats
93 creatures vanquished.

Notes
Turn   | Place    | Note
-------+----------+-------------------------------------------
     0 | D:1      | qw the Formicid Cinder Acolyte began the quest for the Orb.
     0 | D:1      | Reached XP level 1. HP: 18/18 MP: 2/2
     0 | D:1      | 0 ||| qw: Version: 0.1-a-103-gd6f5d3a
     0 | D:1      | 0 ||| qw: Game counter: 5542
     0 | D:1      | 0 ||| qw: Always use a shield: true
     0 | D:1      | 0 ||| qw: God list: Okawaru
     0 | D:1      | 0 ||| qw: Allow faded altars: false
     0 | D:1      | 0 ||| qw: Do Orc after D:15 true
     0 | D:1      | 0 ||| qw: Do second Lair branch before Depths: true
     0 | D:1      | 0 ||| qw: Lair rune preference: random
     0 | D:1      | 0 ||| qw: Plans: Normal
     0 | D:1      | 0 ||| PLANNING D:1-11
    54 | D:1      | 54 ||| INVOKING Fiery Armour.
   235 | D:1      | 235 ||| Stepping ~*~*~tactically~*~*~ (stealth).
   334 | D:1      | Reached XP level 2. HP: 24/24 MP: 3/3
   334 | D:1      | 334 ||| Stepping ~*~*~tactically~*~*~ (hiding).
   436 | D:1      | 436 ||| Stepping ~*~*~tactically~*~*~ (hiding).
   619 | D:1      | 619 ||| INVOKING Fiery Armour.
   622 | D:1      | Reached skill level 4 in Axes
   622 | D:1      | Reached XP level 3. HP: 10/29 MP: 4/4
   851 | D:1      | Found Cuicur's Magic Scroll Emporium.
   861 | D:1      | 861 ||| SHOPLISTING scroll of enchant weapon (82 gold, have
                  | 40).
   861 | D:1      | 861 ||| BUYING scroll of identify (22 gold).
   861 | D:1      | Bought a scroll of identify for 22 gold pieces
   861 | D:1      | 861 ||| SHOPLISTING scroll of identify (22 gold, have 18).
  1291 | D:1      | 1291 ||| UPGRADING to +0 leather armour.
  1301 | D:1      | 1301 ||| DROPPING +0 robe.
  1302 | D:1      | 1302 ||| UPGRADING to +0 scale mail.
  1312 | D:1      | 1312 ||| DROPPING +0 leather armour.
  1313 | D:1      | 1313 ||| READING scroll labelled DAGONIOBEY.
  1564 | D:2      | 1564 ||| Stepping ~*~*~tactically~*~*~ (stealth).
  1579 | D:2      | Reached skill level 1 in Armour
  1582 | D:2      | 1582 ||| Stepping ~*~*~tactically~*~*~ (stealth).
  1596 | D:2      | Reached XP level 4. HP: 30/35 MP: 5/5
  1596 | D:2      | 1596 ||| FLEEEEING.
  2274 | D:2      | 2274 ||| UPGRADING to +0 cloak.
  2279 | D:2      | 2279 ||| READING scroll labelled XIUKUNEIKIY.
  2280 | D:2      | 2280 ||| READING scroll labelled IFUALI IRUPO.
  2281 | D:2      | 2281 ||| READING scroll labelled ZEXTUE EJUMP.
  2282 | D:2      | 2282 ||| READING scroll labelled ATEF REECI.
  2283 | D:2      | 2283 ||| DRINKING 2 brown potions.
  2284 | D:2      | 2284 ||| READING 2 scrolls of identify.
  2284 | D:2      | 2284 ||| IDENTIFYING golden potion
  2285 | D:2      | 2285 ||| DROPPING potion of brilliance.
  2301 | D:3      | Found a faded altar of an unknown god.
  2306 | D:3      | 2306 ||| STAIRDANCE
  2362 | D:3      | 2362 ||| Stepping ~*~*~tactically~*~*~ (stealth).
  2521 | D:3      | Found Amuwasick's Antique Armour Emporium.
  2529 | D:3      | 2529 ||| SHOPLISTING chain mail (108 gold, have 100).
  2529 | D:3      | 2529 ||| SHOPLISTING pair of boots (108 gold, have 100).
  2529 | D:3      | 2529 ||| SHOPLISTING pair of gloves (108 gold, have 100).
  2529 | D:3      | 2529 ||| SHOPLISTING plate armour (552 gold, have 100).
  2529 | D:3      | 2529 ||| SHOPLISTING runed buckler (180 gold, have 100).
  2529 | D:3      | 2529 ||| SHOPLISTING slimy scale mail (216 gold, have 100).
  2544 | D:3      | 2544 ||| Stepping ~*~*~tactically~*~*~ (stealth).
  2548 | D:3      | 2548 ||| Stepping ~*~*~tactically~*~*~ (stealth).
  2555 | D:3      | Reached skill level 5 in Axes
  2555 | D:3      | Reached XP level 5. HP: 32/41 MP: 6/6
  2645 | D:3      | Noticed Natasha
  2646 | D:3      | 2646 ||| Stepping ~*~*~tactically~*~*~ (hiding).
  2648 | D:3      | 2648 ||| Stepping ~*~*~tactically~*~*~ (hiding).
  2649 | D:3      | 2649 ||| Stepping ~*~*~tactically~*~*~ (hiding).
  2663 | D:3      | 2663 ||| INVOKING Fiery Armour.
  2665 | D:3      | Killed Natasha
  2666 | D:3      | Reached skill level 1 in Dodging
  2795 | D:3      | Noticed Natasha
  2804 | D:3      | 2804 ||| INVOKING Fiery Armour.
  2805 | D:3      | Killed Natasha
  2808 | D:3      | Noticed Natasha
  2809 | D:3      | 2809 ||| Stepping ~*~*~tactically~*~*~ (hiding).
  2810 | D:3      | 2810 ||| Stepping ~*~*~tactically~*~*~ (hiding).
  2813 | D:3      | HP: 9/41 [Natasha/magic dart (3)]
  2814 | D:3      | 2814 ||| DRINKING potion of heal wounds.
  2820 | D:3      | Killed Natasha
  2821 | D:3      | Reached XP level 6. HP: 34/47 MP: 7/7
  3028 | D:3      | Found an opulent altar of Gozag.
  3037 | D:3      | Found an iron altar of Okawaru.
  3037 | D:3      | Found a glowing silver altar of Zin.
  3041 | D:3      | Found a shimmering blue altar of Sif Muna.
  3218 | D:3      | 3218 ||| UPGRADING to amulet of regeneration.
  3223 | D:3      | 3223 ||| READING 4 scrolls of identify.
  3223 | D:3      | 3223 ||| IDENTIFYING bubbling dark potion
  3224 | D:3      | 3224 ||| READING 3 scrolls of identify.
  3224 | D:3      | 3224 ||| IDENTIFYING lumpy emerald potion
  3225 | D:3      | 3225 ||| READING 2 scrolls of identify.
  3225 | D:3      | 3225 ||| IDENTIFYING bubbling blue potion
  3226 | D:3      | 3226 ||| DROPPING potion of flight.
  3227 | D:3      | 3227 ||| DROPPING potion of attraction.
  3281 | D:4      | Found a shimmering altar of Xom.
  3282 | D:4      | Found a stormy altar of Qazlal.
  3305 | D:4      | Found a white marble altar of Elyvilon.
  3411 | D:4      | 3411 ||| Stepping ~*~*~tactically~*~*~ (stealth).
  3412 | D:4      | 3412 ||| Stepping ~*~*~tactically~*~*~ (stealth).
  3423 | D:4      | 3423 ||| Stepping ~*~*~tactically~*~*~ (stealth).
  3489 | D:4      | Found a sacrificial altar of Ru.
  3537 | D:4      | Reached skill level 6 in Axes
  3872 | D:4      | 3872 ||| UPGRADING to +0 pair of boots.
  3883 | D:4      | 3883 ||| DROPPING +6 ring of intelligence.
  3884 | D:4      | 3884 ||| READING 2 scrolls of identify.
  3884 | D:4      | 3884 ||| IDENTIFYING smoky purple potion
  3885 | D:4      | 3885 ||| DROPPING potion of lignification.
  3912 | D:5      | Entered Level 5 of the Dungeon
  3946 | D:5      | Noticed Blork the orc
  3947 | D:5      | 3947 ||| Stepping ~*~*~tactically~*~*~ (hiding).
  3948 | D:5      | 3948 ||| Stepping ~*~*~tactically~*~*~ (hiding).
  3952 | D:5      | 3952 ||| Stepping ~*~*~tactically~*~*~ (hiding).
  3966 | D:5      | 3966 ||| INVOKING Fiery Armour.
  3969 | D:5      | Killed Blork the orc
  4208 | D:5      | Noticed an ogre
  4212 | D:5      | 4212 ||| INVOKING Fiery Armour.
  4214 | D:5      | HP: 11/48 [ogre/+0 giant spiked club (15)]
  4216 | D:5      | Killed an ogre
  4217 | D:5      | Reached XP level 7. HP: 15/55 MP: 8/8
  4543 | D:5      | 4543 ||| INVOKING Fiery Armour.
  4544 | D:5      | Reached skill level 7 in Axes
  4547 | D:5      | Found a staircase to the Ecumenical Temple.
  4547 | D:5      | HP: 9/55 [gnoll/+0 halberd (9)]
  4778 | D:5      | 4778 ||| READING scroll labelled JUIMIYRCHANE.
  4779 | D:5      | 4779 ||| READING scroll labelled DYFUALIUST.
  4780 | D:5      | 4780 ||| DRINKING 2 purple potions.
  4781 | D:5      | 4781 ||| DROPPING potion of degeneration.
  4782 | D:5      | 4782 ||| Stepping randomly (stuck).
  4783 | D:5      | 4783 ||| Stepping ~*~*~tactically~*~*~ (cloud).
  4919 | D:6      | 4919 ||| Stepping ~*~*~tactically~*~*~ (stealth).
  4927 | D:6      | Reached XP level 8. HP: 47/61 MP: 9/9
  4939 | D:6      | 4939 ||| INVOKING Fiery Armour.
  4974 | D:6      | 4974 ||| Stepping ~*~*~tactically~*~*~ (stealth).
  4982 | D:6      | Reached skill level 8 in Axes
  5004 | D:6      | HP: 12/61 [electric eel/bolt of electricity (5)]
  5010 | D:6      | HP: 2/61 [electric eel/bolt of electricity (7)]
  5011 | D:6      | Killed from afar by an electric eel

Levels and vault maps discovered:
D:1:      evilmike_arrival_fibonacci_small, layout_rooms, serial_shops,
          nicolae_shop_crystal, minmay_misc_feat_five, hex_large
D:2:      layout_loops_ring
D:3:      layout_rooms, minitemple, serial_shops, shop, basic_ecumenical_altar,
          serial_park_tiny_2, uniq_natasha
D:4:      layout_loops_cross, elyvilon_altar_5, nicolae_overflow_squiral,
          mainiacjoe_overflow_cross_hatched
D:5:      layout_cave_pods, minmay_temple_entry_tees, uniq_blork_the_orc
D:6:      layout_rooms, gammafunk_temple_overflow_elements, serial_bayou_ford_a

Skill      XL: |  1  2  3  4  5  6  7  8 |
---------------+-------------------------+-----
Axes           | 4 5 6 7 8 |  8.2
Armour         | 1 2 |  2.6
Dodging        | 1 |  1.5
Fighting       | 4 |  4.7
Spellcasting   | |  1.1
Fire Magic     | |  3.0

Action                   |  1- 3 |  4- 6 |  7- 9 || total
-------------------------+-------+-------+-------++-------
Melee: Hand axe          |    65 |   221 |    70 ||   356
       Punch             |     1 |     2 |     1 ||     4
Invok: Fiery Armour      |     2 |     4 |     2 ||     8
  Use: Scroll            |     1 |     9 |     2 ||    12
       Potion            |       |     2 |     1 ||     3
Armor: Robe              |     8 |       |       ||     8
       Scale mail        |    10 |    89 |    42 ||   141
Dodge: Dodged            |    41 |    86 |    34 ||   161

Table legend:
 A = Non-vault XP
 B = Vault XP
 C = Vault XP percentage of total XP
 D = Non-vault monster count
 E = Vault monster count
 F = Vault count percentage of total count
                 A         B        C        D         E       F
            +---------+---------+-------+---------+---------+-------
      Total |    1157 |     131 |  10.2 |      91 |       2 |   2.2
            +---------+---------+-------+---------+---------+-------
        D:1 |      45 |       0 |   0.0 |      17 |       0 |   0.0
        D:2 |      62 |       0 |   0.0 |      28 |       0 |   0.0
        D:3 |     154 |      35 |  18.5 |      18 |       1 |   5.3
        D:4 |      98 |       0 |   0.0 |      16 |       0 |   0.0
        D:5 |     432 |      96 |  18.2 |       7 |       1 |  12.5
        D:6 |     366 |       0 |   0.0 |       5 |       0 |   0.0
            +---------+---------+-------+---------+---------+-------
